 Dungeon Crawl Stone Soup version 0.27-a0-522-g46bbb28828 (webtiles) character file.

Game seed: 15525512060123447629

70 jasper the Stinger (level 4, 0/21 HPs)
             Began as a Spriggan Venom Mage on Mar 4, 2021.
             Was an Initiate of Gozag.
             Succumbed to an adder's poison
             ... on level 2 of the Dungeon.
             The game lasted 00:02:53 (2196 turns).

jasper the Stinger (Spriggan Venom Mage)            Turns: 2196, Time: 00:02:54

Health: 0/21       AC:  2    Str: 10    XL:     4   Next: 4%
Magic:  3/9        EV: 17    Int: 17    God:    Gozag
Gold:   117        SH:  0    Dex: 15    Spells: 4/8 levels left

rFire    . . .     SeeInvis +   (weapon restricted)
rCold    . . .     Faith    .   (shield restricted)
rNeg     . . .     Spirit   .   a - +0 robe
rPois    .         Reflect  .   (helmet restricted)
rElec    .         Harm     .   (no cloak)
rCorr    .         Rampage  .   (gloves unavailable)
Will     .....                  (boots unavailable)
Stlth    ++........             (no amulet)
HPRegen  0.07/turn              c - +6 ring of strength
MPRegen  0.11/turn              (no ring)

@: lethally poisoned (0 -> -9), gold aura, attractive, very quick
A: very small, unfitting armour, see invisible, speed 3, evolution 2
a: Renounce Religion, Potion Petition, Call Merchant, Bribe Branch


You were on level 2 of the Dungeon.
You worshipped Gozag.
Gozag was aware of your devotion.
You visited 1 branch of the dungeon, and saw 2 of its levels.

You collected 117 gold pieces.

Inventory:

Missiles
 g - 6 poisoned darts
Armour
 a - a +0 robe (worn)
Jewellery
 c - a +6 ring of strength (left hand)
Scrolls
 b - a scroll of immolation {unknown}
 e - a scroll of identify {unknown}
 f - 3 scrolls of fog {unknown}


   Skills:
 - Level 2.6 Dodging
 - Level 3.0 Stealth
 - Level 2.6 Spellcasting
 - Level 1.3 Transmutations
 + Level 4.9 Poison Magic


You had 4 spell levels left.
You knew the following spells:

 Your Spells              Type           Power        Failure   Level
a - Sting                 Tmut/Pois      52%          4%          1
b - Mephitic Cloud        Conj/Pois/Air  7%           26%         3

Your spell library contained the following spells:

 Spells                   Type           Power        Failure   Level
 Poisonous Vapours        Pois/Air       20%          10%         2
 Ignite Poison            Fire/Tmut/Pois 9%           22%         3
 Olgreb's Toxic Radiance  Pois           19%          24%         4


Dungeon Overview and Level Annotations

Branches:
Dungeon (2/15)

Altars:
Gozag


Innate Abilities, Weirdness & Mutations

You are very small and have problems with some larger weapons.
You are too small for most types of armour.
You have supernaturally acute eyesight. (SInv)
You cover ground extremely quickly. (Speed+++)
You rapidly evolve.


Message History

You take 1 damage, and have 8/16 hp.
You now have 4/8 mp.
Aiming: Sting (safe; 4% risk of failure)
Press: ? - help, Q - select action, (/) - cycle Shift-Dir - straight line, f/p - adder
Aim: an adder (severely wounded, very poisoned, 47% to evade)
The sting misses the adder.
The adder closely misses you. The adder bites you.
* * * LOW HITPOINT WARNING * * *
You are more poisoned.
The adder poisons you!
You take 4 damage, and have 4/16 hp.
MASSIVE DAMAGE!!
You now have 3/8 mp.
Aiming: Sting (safe; 4% risk of failure)
Press: ? - help, Q - select action, (/) - cycle Shift-Dir - straight line, f/p - adder
Aim: an adder (severely wounded, very poisoned, 47% to evade)
The sting hits the adder.
The adder looks even sicker.
You kill the adder!
* * * LOW HITPOINT WARNING * * *
You feel sick.
You have reached level 4!
You now have 2/9 mp.
It was a potion of mutation.
You feel extremely strange.
You feel nature experimenting on you.
Don't worry, failures die fast.
Your genes go into a fast flux.
* * * LOW HITPOINT WARNING * * *
You feel sick.
You take 1 damage, and have 3/21 hp.
It was a potion of attraction.
You feel attractive to monsters.
* * * LOW HITPOINT WARNING * * *
You feel sick.
You take 1 damage, and have 2/21 hp.
Okay, then.
You see here 6 gold pieces.
* * * LOW HITPOINT WARNING * * *
You feel sick.
You take 1 damage, and have 1/21 hp.
* * * LOW HITPOINT WARNING * * *
You feel sick.
You take 1 damage, and have 1/21 hp.
You die...
Your body crumbles into a pile of gold.

..#.# .<# #.#
#.# #.# #.# #.#
#.# #.# #.# #.#
#.# #.# #.#
#######.# #@#
#.......# # #.#
#.####### #.
###.# #.#
.#?### #(..#
#.#
......##.#.#
#.#
.........#.#
#.#
.#.##.#$.#.##.#
#.#
..............#
#.#
..#####..######
#.#


There were no monsters in sight!

Vanquished Creatures
  3 gnolls
  2 adders (D:2)
  A giant cockroach (D:1)
  6 goblins (D:1)
  3 hobgoblins
  A quokka (D:2)
  6 bats
  3 frilled lizards (D:1)
  A kobold (D:1)
  A rat (D:2)
27 creatures vanquished.

Vanquished Creatures (others)
  A plant (D:1)
1 creature vanquished.

Grand Total: 28 creatures vanquished

Notes
Turn   | Place    | Note
-------+----------+-------------------------------------------
     0 | D:1      | jasper the Spriggan Venom Mage began the quest for the Orb.
     0 | D:1      | Reached XP level 1. HP: 9/9 MP: 5/5
   323 | D:1      | Reached XP level 2. HP: 13/13 MP: 1/6
  1290 | D:1      | Reached skill level 4 in Poison Magic
  1330 | D:2      | Reached XP level 3. HP: 11/16 MP: 4/8
  1602 | D:2      | Learned a level 3 spell: Mephitic Cloud
  1865 | D:2      | Found a faded altar of an unknown god.
  1904 | D:2      | Became a worshipper of Gozag Ym Sagoz the Greedy
  2188 | D:2      | Reached XP level 4. HP: 4/21 MP: 2/9
  2188 | D:2      | Gained mutation: You evolve. [potion of mutation]
  2188 | D:2      | Gained mutation: You rapidly evolve. [potion of mutation]
  2191 | D:2      | HP: 1/21 [poisoned by an adder]
  2196 | D:2      | Succumbed to an adder's poison

Illustrated notes

Levels and vault maps discovered:
D:1:      lemuel_arrival_behind_the_door_small, layout_rooms, serial_forest,
          infiniplex_forest_end_2, infiniplex_forest_lined_3_way,
          infiniplex_forest_clump_curved, infiniplex_forest_lined_3,
          infiniplex_forest_lined_3, infiniplex_forest_3_way,
          infiniplex_forest_zigzag_2, infiniplex_forest_pool,
          infiniplex_forest_clump_tiny
D:2:      layout_loops_ring, chequers_ecumenical_altar_twisty

Skill      XL: |  1  2 |
---------------+-------+-----
Poison Magic   | 4 |  4.9
Dodging        | |  2.6
Stealth        | |  3.0
Spellcasting   | |  2.6
Transmutations | |  1.3

Action                   |  1- 3 |  4- 6 || total
-------------------------+-------+-------++-------
Melee: Unarmed           |    17 |       ||    17
 Cast: Sting             |    63 |       ||    63
  Use: Potion            |       |     2 ||     2
Armor: Robe              |     6 |       ||     6
Dodge: Dodged            |    38 |       ||    38

Table legend: (Time is in decaauts)
 A = Elapsed time spent in this place.
 B = Non-inter-level travel time spent in this place.
 C = Inter-level travel time spent in this place.
 D = Time resting spent in this place.
 E = Time spent auto-exploring this place.
 F = Levels seen in this place.
 G = Mean time per level.
                   A        B        C        D        E       F      G
               +--------+--------+--------+--------+--------+-----+--------+
         Total |   1706 |   1685 |     21 |    347 |   1140 |   2 |  853.0 |
       Dungeon |   1706 |   1685 |     21 |    347 |   1140 |   2 |  853.0 |
               +--------+--------+--------+--------+--------+-----+--------+

Top non-repeatable levels by time:
     D:1: 1157 daAuts
     D:2: 548 daAuts
